 Dungeon Crawl Stone Soup version 0.30-a0-557-ge2afbf3030 (webtiles) character file.

Game seed: 11847071378823210719

680 HoaS the Skirmisher (level 7, -8/40 HPs)
             Began as a Tengu Hunter on Dec 27, 2022.
             Was an Initiate of Cheibriados.
             Mangled by Sigmund
             ... wielding a +0 scythe
              (11 damage)
             ... on level 5 of the Dungeon.
             The game lasted 00:05:46 (3415 turns).

HoaS the Skirmisher (Tengu Hunter)                  Turns: 3415, Time: 00:05:46

Health: -8/40      AC:  3    Str: 12    XL:     7   Next: 60%
Magic:  8/8        EV: 14    Int: 10    God:    Cheibriados [......]
Gold:   264        SH:  0    Dex: 21    Spells: 6/6 levels left

rFire   . . .      SeeInvis .    a - +1 shortbow
rCold   . . .      Faith    .    (shield currently unavailable)
rNeg    . . .      Spirit   .    c - +0 leather armour
rPois   .          Reflect  .    (helmet restricted)
rElec   .          Harm     .    (no cloak)
rCorr   .          Rampage  .    (no gloves)
Will    .....                    (boots unavailable)
Stlth   ++                       (no amulet)
HPRegen 0.26/turn                g - +4 ring of slaying
MPRegen 0.11/turn                (no ring)

@: flying quickly and evasively, slow
A: beak, talons 3, nimble flight
a: Renounce Religion


You were on level 5 of the Dungeon.
You worshipped Cheibriados.
Cheibriados was noncommittal.
You visited 2 branches of the dungeon, and saw 6 of its levels.
You also visited: Sewer.

You collected 264 gold pieces.

Inventory:

Hand Weapons
 a - a +1 shortbow (weapon)
Armour
 c - a +0 leather armour (worn)
Jewellery
 g - a +4 ring of slaying (left hand)
Scrolls
 b - 3 scrolls of immolation
 k - a scroll of fog
Potions
 e - a potion of brilliance {unknown}
 f - 2 potions of cancellation
 h - a potion of might {unknown}
 i - 2 potions of curing {unknown}
 j - 3 potions of haste


   Skills:
 - Level 2.0 Fighting
 * Level 9.7 Ranged Weapons
 - Level 2.1 Dodging
 - Level 1.0 Stealth
 + Level 1.2 Invocations


You had 6 spell levels left.
You didn't know any spells.
Your spell library contained the following spells:

 Spells                   Type           Power      Damage    Failure   Level
 Ignite Poison            Fire/Tmut/Pois 0%         N/A       82%         3
 Kindle Blastsparks       Fire/Tloc/Air  0%         2d10      82%         3
 Summon Ice Beast         Ice/Summ       0%         N/A       99%         4
 Freezing Cloud           Conj/Ice/Air   0%         6-21      100%        5
 Summon Mana Viper        Hex/Summ       0%         N/A       100%        5
 Monstrous Menagerie      Summ           0%         N/A       100%        7


Dungeon Overview and Level Annotations

Branches:
Dungeon (5/15)             Temple (1/1) D:4           Sewer (visited)

Altars:
Ashenzari
Cheibriados
Dithmenos
Elyvilon
Fedhas
Gozag
Hepliaklqana
Kikubaaqudgha
Qazlal
Ru
Sif Muna
Trog
Uskayaw
Vehumet
Xom
Yredelemnul
Zin
The Shining One

Shops:
D:4 *

Annotations:
D:5 Sigmund


Innate Abilities, Weirdness & Mutations

You have a beak for a mouth.
You have claws for feet.
Your magical nature lets you fly swiftly and evasively.


Message History

The scorpion stings you but does no damage.
Something hits you but does no damage.
The scorpion stings you but does no damage.
The scorpion stings you.
You shoot an arrow. The arrow hits the scorpion!
The scorpion is heavily wounded.
Something hits you!
The scorpion stings you but does no damage.
You shoot an arrow. The arrow hits the scorpion!
You kill the scorpion!
Cheibriados thoroughly appreciates the change of pace.
Something hits you.
Your Invocations skill increases to level 1!
You cannot move.
You cannot move.
Something hits you but does no damage. Something hits you but does no damage.
Something hits you.
You hear some strange, mumbled words.
A puff of flame appears from out of thin air!
The puff of flame hits you but does no damage.
Something hits you but does no damage.
Your transformation is almost over.
Something hits you! Something hits you but does no damage.
Something hits you but does no damage. Something hits you but does no damage.
Something hits you. Something hits you but does no damage.
You feel less wooden.
Your +0 leather armour unmelds from your body.
You hear some strange, mumbled words.
A puff of flame appears from out of thin air!
The puff of flame hits you! Something completely misses you.
Something hits you. Something hits you!
* * * LOW HITPOINT WARNING * * *
Something hits you!
You die...

#.# ... ... #.# #.# #.#
#.# #.# #.# #.# #.#
#.######.############.#
.......#..............#
#{†@..........##..##
#......######.......
#......# #######..##
#.................#.
........#########.##.
###......# #.##.
######## #.##. #.##.
#.##.


There were no monsters in sight!

Vanquished Creatures
  Pargi (Sewer)
  A phantom (D:5)
  3 scorpions
  2 orc priests (D:4)
  A hound (D:5)
  4 orc wizards (D:3)
  6 adders
  A worm (D:2)
  2 dart slugs
  14 orcs
  5 endoplasms
  9 giant cockroaches
  6 goblins
  5 hobgoblins
  4 kobolds
  2 quokkas
  9 ball pythons
  8 bats
  4 frilled lizards
  4 rats
91 creatures vanquished.

Notes
Turn   | Place    | Note
-------+----------+-------------------------------------------
     0 | D:1      | HoaS the Tengu Hunter began the quest for the Orb.
     0 | D:1      | Reached XP level 1. HP: 12/12 MP: 2/2
   337 | D:1      | Reached XP level 2. HP: 17/17 MP: 3/3
   342 | D:1      | Reached skill level 5 in Ranged Weapons
   909 | D:2      | Reached XP level 3. HP: 21/21 MP: 4/4
  1283 | D:2      | Found a faded altar of an unknown god.
  1642 | D:3      | Reached skill level 6 in Ranged Weapons
  1642 | D:3      | Reached XP level 4. HP: 20/26 MP: 5/5
  1803 | D:3      | Gained mutation: Your magical nature lets you fly swiftly
                  | and evasively. [Tengu growth]
  1803 | D:3      | Reached XP level 5. HP: 29/30 MP: 6/6
  1959 | D:3      | Reached skill level 7 in Ranged Weapons
  2671 | D:4      | Reached skill level 8 in Ranged Weapons
  2671 | D:4      | Reached XP level 6. HP: 35/35 MP: 7/7
  2719 | D:4      | Found Nowuucw's General Store.
  2745 | D:4      | Found a glowing drain.
  2774 | Sewer    | Entered a sewer
  2819 | Sewer    | Noticed Pargi
  2830 | Sewer    | Killed Pargi
  2831 | Sewer    | Reached skill level 9 in Ranged Weapons
  2831 | Sewer    | Reached XP level 7. HP: 28/40 MP: 8/8
  2976 | D:4      | Found a staircase to the Ecumenical Temple.
  3067 | Temple   | Entered the Ecumenical Temple
  3201 | Temple   | Became a worshipper of Cheibriados the Contemplative
  3322 | D:5      | Entered Level 5 of the Dungeon
  3372 | D:5      | Noticed Sigmund
  3393 | D:5      | Reached skill level 1 in Invocations
  3415 | D:5      | Mangled by Sigmund

Illustrated notes

Levels and vault maps discovered:
D:1:      dpeg_arrival_houses_and_road, layout_loops_ring, nicolae_titane
D:2:      layout_loops_cross, hellmonk_ecumenical_altar_blasted,
          kennysheep_doodads
D:3:      layout_basic, nicolae_figureground_sparkle
D:4:      layout_basic, minmay_temple_entry_grid, gup_sewer_entry_glass,
          serial_shops, nicolae_take_the_stairs, minmay_liquid_box
D:5:      layout_basic, grunt_decor_resistance, uniq_sigmund
Temple:   regret_index_temple_chain_breaker

Skill      XL: |  1  2  3  4  5  6  7 |
---------------+----------------------+-----
Ranged Weapons | 5 6 8 9 |  9.7
Invocations    | 1 |  1.2
Fighting       | |  2.0
Dodging        | |  2.1
Stealth        | |  1.0

Action                   |  1- 3 |  4- 6 |  7- 9 || total
-------------------------+-------+-------+-------++-------
Melee: Shortbow          |       |     1 |       ||     1
       Kick              |       |     1 |       ||     1
 Fire: Shortbow          |    68 |   107 |    27 ||   202
  Use: Scroll            |     2 |     2 |     3 ||     7
       Potion            |       |     1 |     1 ||     2
Armor: Leather armour    |     1 |     6 |     1 ||     8
       Skin              |       |       |    33 ||    33
Dodge: Dodged            |    10 |    26 |     5 ||    41

Table legend: (Time is in decaauts)
 A = Elapsed time spent in this place.
 B = Non-inter-level travel time spent in this place.
 C = Inter-level travel time spent in this place.
 D = Time resting spent in this place.
 E = Time spent auto-exploring this place.
 F = Levels seen in this place.
 G = Mean time per level.
                   A        B        C        D        E       F      G
               +--------+--------+--------+--------+--------+-----+--------+
         Total |   3348 |   3197 |    151 |    266 |   2432 |   7 |  478.3 |
       Dungeon |   3084 |   2957 |    127 |    227 |   2287 |   5 |  616.8 |
        Temple |    144 |    121 |     23 |      0 |    100 |   1 |  144.0 |
         Sewer |    119 |    119 |      0 |     38 |     44 |   1 |  119.0 |
               +--------+--------+--------+--------+--------+-----+--------+

Top non-repeatable levels by time:
     D:3: 865 daAuts
     D:2: 841 daAuts
     D:1: 721 daAuts
     D:4: 556 daAuts
  Temple: 144 daAuts
   Sewer: 119 daAuts
     D:5: 100 daAuts
